 Dungeon Crawl Stone Soup version 0.30.0-19-g36f170ea60 (webtiles) character file.

Game seed: 11400370973615801932

72 Peloso the Covered (level 4, -4/40 HPs)
             Began as a Minotaur Fighter on May 26, 2023.
             Killed by nerve-wracking pain
             ... invoked by an orc priest
              (12 damage)
             ... on level 3 of the Dungeon.
             The game lasted 00:03:14 (2060 turns).

Peloso the Covered (Minotaur Fighter)               Turns: 2060, Time: 00:03:15

Health: -4/40      AC: 12    Str: 20    XL:     4   Next: 6%
Magic:  3/3        EV:  9    Int:  5    God:
Gold:   88         SH:  5    Dex: 12    Spells: 3/3 levels left

rFire   . . .        a - +0 long sword
rCold   . . .        d - +0 buckler
rNeg    . . .        b - +0 scale mail
rPois   .            c - +2 hat
rElec   .            e - +2 cloak
rCorr   .            (no gloves)
SInv    .            (no boots)
Will    .....        (no amulet) Stlth
                     (no ring)
HPRegen 0.26/turn    (no ring)
MPRegen 0.08/turn

%: no passive effects
@: no status effects
A: horns 2, retaliatory headbutt
a: no special abilities


You were on level 3 of the Dungeon.
You visited 1 branch of the dungeon, and saw 3 of its levels.

You collected 88 gold pieces.

Inventory:

Hand Weapons
 a - a +0 long sword (weapon)
Armour
 b - a +0 scale mail (worn)
 c - a +2 hat (worn)
 d - a +0 buckler (worn)
 e - a +2 cloak (worn)
Scrolls
 f - 5 scrolls of teleportation {unknown}
 g - 3 scrolls of enchant weapon {unknown}
 h - a scroll of poison {unknown}
 i - a scroll of identify {unknown}
 k - 3 scrolls of magic mapping {unknown}
 l - a scroll of fog {unknown}
Potions
 j - a potion of might


   Skills:
 + Level 4.1 Fighting
 + Level 3.6 Long Blades
 + Level 4.3 Armour
 + Level 0.4 Dodging
 + Level 4.2 Shields


You had 3 spell levels left.
You didn't know any spells.
Your spell library was empty.

Dungeon Overview and Level Annotations

Branches:
Dungeon (3/15)

Altars:
Uskayaw

Shops:
D:3 *(


Innate Abilities, Weirdness & Mutations

You have a pair of horns on your head.
You reflexively headbutt those who attack you in melee.


Message History

You barely miss the orc priest. You headbutt the orc priest.
The orc priest is moderately wounded.
The orc wizard mumbles some strange words.
The orc wizard flickers and vanishes!
Deactivating autopickup; reactivate with Ctrl-A.
The orc priest hits you but does no damage.
You hit the orc priest but do no damage.
The orc priest is moderately wounded.
The orc priest hits you with a +0 hand axe.
The orc priest begins to cast a cantrip, but forgets the words!
You hit the orc priest.
The orc priest is heavily wounded.
The orc priest hits you but does no damage.
You closely miss the orc priest.
You headbutt the orc priest, but do no damage.
The orc priest is heavily wounded.
The orc priest mumbles some strange prayers to Beogh against you.
Pain shoots through your body!
* * * LOW HITPOINT WARNING * * *
A giant cockroach comes into view.
Okay, then.
You hit the orc priest but do no damage.
The orc priest is heavily wounded.
The orc priest hits you but does no damage.
Unknown command.
You hit the orc priest.
The orc priest is almost dead.
The orc priest hits you with a +0 hand axe.
* * * LOW HITPOINT WARNING * * *
The orc priest hits you but does no damage.
Unknown command.
You closely miss the orc priest. Your headbutt misses the orc priest.
The orc priest is almost dead.
The orc priest hits you but does no damage.
Unknown command.
You closely miss the orc priest.
The orc priest is almost dead.
The orc priest invokes the aid of Beogh against you.
Pain shoots through your body!
You die...

#
...#.############
...............>#
######.#.#####.#
#@#...# #.#
#o###.# #.#
#.....{B##.# #.#
#.......##.# #.#
#.......<#.# #.#
########/#.# #.#
.#.# #.# ∩..# #.#
##.### #.#


You could see an orc priest and a giant cockroach.

Vanquished Creatures
  Jessica (D:2)
  An adder (D:2)
  3 orcs (D:3)
  3 ball pythons (D:1)
  2 endoplasms
  A giant cockroach (D:1)
  3 hobgoblins
  2 jackals (D:1)
  2 quokkas
  2 bats (D:1)
  3 frilled lizards
  3 goblins (D:1)
  3 kobolds (D:1)
  5 rats
34 creatures vanquished.

Notes
Turn   | Place    | Note
-------+----------+-------------------------------------------
     0 | D:1      | Peloso the Minotaur Fighter began the quest for the Orb.
     0 | D:1      | Reached XP level 1. HP: 19/19 MP: 0/0
   290 | D:1      | Reached XP level 2. HP: 24/27 MP: 1/1
  1031 | D:2      | Reached XP level 3. HP: 32/33 MP: 2/2
  1159 | D:2      | Noticed Jessica
  1166 | D:2      | Killed Jessica
  1343 | D:2      | Found a hide-covered altar of Uskayaw.
  1358 | D:2      | Found the +6 shillelagh "Devastator" {shatter}
  1985 | D:3      | Reached XP level 4. HP: 40/40 MP: 3/3
  1999 | D:3      | Found Byhinoox's Antique Weapon Emporium.
  2041 | D:3      | Found Cyniw's Assorted Antiques.
  2060 | D:3      | Killed from afar by an orc priest

Illustrated notes

Levels and vault maps discovered:
D:1:      wander_arrival_desolate, layout_basic
D:2:      layout_basic, basic_altar, uniq_jessica
D:3:      layout_basic, serial_shops, nicolae_shop_crystal, shop,
          dreamdust_ecumenical_altar_statues

Skill      XL: |  1  2  3 |
---------------+----------+-----
Shields        | 4 |  4.2
Long Blades    | 3 |  3.6
Armour         | 4 |  4.3
Fighting       | 4 |  4.1
Dodging        | |  0.4

Action                     |  1- 3 |  4- 6 || total
---------------------------+-------+-------++-------
  Melee: Long sword        |    69 |    17 ||    86
         Headbutt          |     6 |     3 ||     9
    Use: Potion            |     1 |       ||     1
 Armour: Scale mail        |    39 |     7 ||    46
  Dodge: Dodged            |    42 |     7 ||    49
  Block: Buckler           |    17 |     4 ||    21
